 Dungeon Crawl Stone Soup version 0.31-a0-840-g6d2ecbb638 (webtiles) character file.

Game seed: 6461657139827414555

63 BinkBink the Firebug (level 3, 0/24 HPs)
             Began as a Demonspawn Fire Elementalist on Sept 27, 2023.
             Killed from afar by Ijyb (9 damage)
             ... with a bolt of acid
             ... on level 3 of the Dungeon.
             The game lasted 00:05:40 (1889 turns).

BinkBink the Firebug (Demonspawn Fire Elementalist) Turns: 1889, Time: 00:05:41

Health: 0/24       AC:  2    Str:  8    XL:     3   Next: 89%
Magic:  0/6        EV: 12    Int: 18    God:
Gold:   17         SH:  0    Dex: 13    Spells: 5/7 levels left

rFire   . . .        (no weapon)
rCold   . . .        (no shield)
rNeg    . . .        a - +0 robe
rPois   .            (no helmet)
rElec   .            (no cloak)
rCorr   .            (no gloves)
SInv    .            (no boots)
Will    .....        (no amulet)
Stlth   ++           (no ring)
HPRegen 0.24/turn    (no ring)
MPRegen 0.10/turn

%: no passive effects
@: no status effects
A: powered by death 2
a: no special abilities


You were on level 3 of the Dungeon.
You visited 1 branch of the dungeon, and saw 3 of its levels.

You collected 63 gold pieces.
You spent 46 gold pieces at shops.

Inventory:

Armour
 a - a +0 robe (worn)
Scrolls
 d - a scroll of immolation {unknown}
 e - a scroll of enchant armour {unknown}
 f - 2 scrolls of teleportation
 h - a scroll of enchant weapon {unknown}
 l - a scroll of vulnerability {unknown}
 o - a scroll of poison {unknown}
 p - a scroll of identify {unknown}
 q - a scroll of fog {unknown}
Potions
 b - 3 potions of magic
 c - a potion of curing {unknown}
 g - a potion of berserk rage {unknown}
 i - a potion of invisibility {unknown}
 j - a potion of might {unknown}
 k - a potion of heal wounds {unknown}
 m - a potion of resistance {unknown}
 n - 2 potions of attraction {unknown}


   Skills:
 - Level 2.2 Dodging
 - Level 2.2 Stealth
 + Level 2.5 Spellcasting
 + Level 1.8 Conjurations
 + Level 0.5 Summonings
 + Level 3.1 Fire Magic


You had 5 spell levels left.
You knew the following spells:

 Your Spells              Type           Power      Damage    Failure   Level
a - Foxfire               Conj/Fire      44%        2x1d6     6%          1
b - Summon Small Mammal   Summ           16%        N/A       14%         1

Your spell library contained the following spells:

 Spells                   Type           Power      Damage    Failure   Level
 Scorch                   Fire           26%        2d6       7%          2
 Inner Flame              Hex/Fire       7%         N/A       26%         3
 Volatile Blastmotes      Fire/Tloc      14%        2d11      26%         3
 Call Canine Familiar     Summ           4%         N/A       38%         3
 Summon Guardian Golem    Hex/Summ       3%         N/A       43%         3
 Flame Wave               Conj/Fire      11%        2d6       52%         4


Dungeon Overview and Level Annotations

Branches:
Dungeon (3/15)

Altars:
Cheibriados

Shops:
D:1 (   D:3 *

Annotations:
D:2 1 runed translucent door, Crazy Yiuf
D:3 Ijyb


Innate Abilities, Weirdness & Mutations

You regenerate health from kills.


Message History

You kill the orc!
Your foxfire dissipates!
There is an open door here.
Things that are here:
a +0 mace; a +0 leather armour
There is an open door here.
Things that are here:
a +0 mace; a +0 leather armour
Found a snail-covered altar of Cheibriados.
You now have 17 gold pieces (gained 6).
You open the door.
There is an open door here.
Ijyb is nearby!
Casting: Foxfire (safe; 6% risk of failure)
Confirm with . or Enter, or press ? or * to list all spells.
You conjure some foxfire!
Your foxfire dissipates!
Casting: Foxfire (safe; 6% risk of failure)
Confirm with . or Enter, or press ? or * to list all spells.
You conjure some foxfire!
Unknown command.
Casting: Foxfire (safe; 6% risk of failure)
Confirm with . or Enter, or press ? or * to list all spells.
You conjure some foxfire!
The foxfire hits Ijyb.
Ijyb is lightly wounded.
Ijyb zaps a wand.
The bolt of acid hits your foxfire!! The bolt of acid hits you!
Ouch! That really hurt!
Casting: Foxfire (safe; 6% risk of failure)
Confirm with . or Enter, or press ? or * to list all spells.
The foxfire hits Ijyb.
Ijyb is lightly wounded.
Casting: Summon Small Mammal (safe; 14% risk of failure)
Confirm with . or Enter, or press ? or * to list all spells.
Your bat barely misses Ijyb.
Casting: Summon Small Mammal (safe; 14% risk of failure)
Confirm with . or Enter, or press ? or * to list all spells.
You conjure some foxfire!
Your bat closely misses Ijyb.
Ijyb zaps a wand.
The bolt of acid misses your foxfire. The bolt of acid hits you!
You die...

.....................
_..♣♣♣♣..####........
.......†...........
######........###
#........# #........#
. #.......b####....
#.....r§§vg......
#.....v@.####....
#...###§v........
##.. #.#####... ##.
#.# #.# #.# #+#


You could see Ijyb (ally target), a friendly bat (summoned) and a friendly rat
(summoned).

Vanquished Creatures
  2 adders
  A dart slug (D:3)
  An orc (D:3)
  4 bats
  3 endoplasms
  2 giant cockroaches
  5 goblins
  3 hobgoblins
  3 jackals (D:2)
  4 quokkas
  3 ball pythons
  5 frilled lizards
  A kobold (D:2)
  2 rats
39 creatures vanquished.

Vanquished Creatures (others)
  107 foxfires
107 creatures vanquished.

Grand Total: 146 creatures vanquished

Notes
Turn   | Place    | Note
-------+----------+-------------------------------------------
     0 | D:1      | BinkBink the Demonspawn Fire Elementalist began the quest
                  | for the Orb.
     0 | D:1      | Reached XP level 1. HP: 13/13 MP: 3/3
   174 | D:1      | Gained mutation: You regenerate a little health from kills.
                  | [demonic ancestry]
   174 | D:1      | Reached XP level 2. HP: 19/19 MP: 1/5
   335 | D:1      | Found Haynuteg's Weapon Shoppe.
   780 | D:2      | Found a runed translucent door.
   781 | D:2      | Noticed Crazy Yiuf
   905 | D:2      | Reached skill level 3 in Fire Magic
   905 | D:2      | Gained mutation: You regenerate health from kills. [demonic
                  | ancestry]
   905 | D:2      | Reached XP level 3. HP: 19/24 MP: 2/6
  1327 | D:2      | Found a snail-covered altar of Cheibriados.
  1486 | D:2      | Learned a level 1 spell: Summon Small Mammal
  1513 | D:3      | Found a faded altar of an unknown god.
  1589 | D:3      | Noticed Ijyb
  1713 | D:3      | Found Wurymm's Assorted Antiques.
  1746 | D:3      | Bought a scroll labelled DOMONON DUCHI for 23 gold pieces
  1746 | D:3      | Bought a scroll labelled KETU WITOS ATE for 23 gold pieces
  1870 | D:3      | Found a snail-covered altar of Cheibriados.
  1889 | D:3      | Killed from afar by Ijyb

Illustrated notes

Levels and vault maps discovered:
D:1:      minmay_arrival_stair_chambers, layout_rooms, serial_shops,
          nicolae_shop_bloodbath_and_beyond
D:2:      layout_basic, basic_altar, uniq_crazy_yiuf_cottage
D:3:      layout_basic, kb_xom_exploding_sheep, mainiacjoe_overflow_boulevard,
          kennysheep_orc_sif_temple, serial_shops, shop, shop, shop,
          nicolae_shop_advertising_works [nicolae_subvault_shop_adworks],
          basic_ecumenical_altar, uniq_ijyb

Skill      XL: |  1  2 |
---------------+-------+-----
Stealth        | 2 |  2.2
Dodging        | 2 |  2.2
Fire Magic     | 3 |  3.1
Spellcasting   | |  2.5
Conjurations   | |  1.8
Summonings     | |  0.5

Action                     || total
---------------------------++-------
   Cast: Foxfire           ||    66
         Summon Small Mamm ||     2
    Use: Scroll            ||     1
 Armour: Robe              ||     9
  Dodge: Dodged            ||    19

Table legend: (Time is in decaauts)
 A = Elapsed time spent in this place.
 B = Non-inter-level travel time spent in this place.
 C = Inter-level travel time spent in this place.
 D = Time resting spent in this place.
 E = Time spent auto-exploring this place.
 F = Levels seen in this place.
 G = Mean time per level.
                   A        B        C        D        E       F      G
               +--------+--------+--------+--------+--------+-----+--------+
         Total |   1888 |   1829 |     59 |      0 |   1540 |   3 |  629.3 |
       Dungeon |   1888 |   1829 |     59 |      0 |   1540 |   3 |  629.3 |
               +--------+--------+--------+--------+--------+-----+--------+

Top non-repeatable levels by time:
     D:2: 869 daAuts
     D:1: 760 daAuts
     D:3: 259 daAuts
